 Dungeon Crawl Stone Soup version 0.22-a0-160-gcc81d7a (webtiles) character file.

1445 Gorice the Fighter (level 8, 0/78 HPs)
             Began as a Gnoll Wanderer on Feb 10, 2018.
             Slain by a killer bee (2 damage)
             ... on level 5 of the Dungeon.
             The game lasted 00:19:30 (5692 turns).

Gorice the Fighter (Gnoll Wanderer)                 Turns: 5692, Time: 00:19:31

Health: 0/78       AC: 10    Str: 21    XL:     8   Next: 75%
Magic:  13/13      EV: 14    Int: 13    God:
Gold:   154        SH:  0    Dex: 17    Spells: 13/13 levels left

rFire    . . .     SeeInvis .   a - +1 quarterstaff
rCold    . . .     Gourm    .   (shield currently unavailable)
rNeg     . . .     Faith    .   y - +0 chain mail
rPois    +         Spirit   .   (no helmet)
rElec    .         Reflect  .   (no cloak)
rCorr    .         Harm     .   j - +0 pair of gloves
MR       .....                  (no boots)
Stlth    +.........             (no amulet)
HPRegen  0.23/turn              u - ring of poison resistance
MPRegen  0.13/turn              (no ring)

@: agile, lethally poisoned (0 -> -6)
A: distributed training, fangs 1, strong nose
a: no special abilities


You were on level 5 of the Dungeon.
You were not hungry.

You visited 1 branch of the dungeon, and saw 5 of its levels.
You also visited: Sewer.

You collected 154 gold pieces.

Inventory:

Hand Weapons
 a - a +1 quarterstaff (weapon)
 b - a +0 blowgun
 p - a +0 halberd
Missiles
 c - 28 poisoned needles
 g - 40 bolts
 q - 22 sling bullets
 x - 7 javelins (quivered)
 Y - 115 stones
Armour
 d - a +0 shield
 e - a +0 robe
 j - a +0 pair of gloves (worn)
 k - a +0 scale mail
 y - a +0 chain mail (worn)
Jewellery
 u - a ring of poison resistance (left hand)
 v - an uncursed ring of wizardry
Scrolls
 o - a scroll of blinking
 r - 2 scrolls of remove curse
Potions
 h - 2 potions of resistance {!q}
 m - 3 potions of magic {!q}
 t - a potion of mutation {unknown}
 w - a potion of berserk rage {unknown}
 z - a potion of invisibility {unknown}
Comestibles
 f - 5 rations
 n - 4 chunks of flesh


   Skills:
 + Level 12.4 Fighting
 + Level 3.4 Short Blades
 + Level 3.4 Long Blades
 + Level 3.4 Axes
 + Level 3.4 Maces & Flails
 + Level 3.4 Polearms
 + Level 4.4 Staves
 + Level 3.4 Slings
 + Level 3.4 Bows
 + Level 3.4 Crossbows
 + Level 4.4 Throwing
 + Level 4.4 Armour
 + Level 3.4 Dodging
 + Level 3.4 Stealth
 + Level 4.4 Shields
 + Level 3.4 Unarmed Combat
 + Level 3.4 Spellcasting
 + Level 2.8 Conjurations
 + Level 2.8 Hexes
 + Level 2.8 Charms
 + Level 2.8 Summonings
 + Level 2.8 Necromancy
 + Level 2.8 Translocations
 + Level 2.8 Transmutations
 + Level 2.8 Fire Magic
 + Level 2.8 Ice Magic
 + Level 2.8 Air Magic
 + Level 2.8 Earth Magic
 + Level 2.8 Poison Magic
 + Level 3.8 Invocations
 + Level 3.4 Evocations


You had 13 spell levels left.
You didn't know any spells.

Dungeon Overview and Level Annotations

Branches:
Dungeon (5/15)
 Temple: D:4-7

Altars:
Fedhas
Hepliaklqana


Innate Abilities, Weirdness & Mutations

Your experience applies equally to all skills.
You have very sharp teeth.
Your uncanny sense of smell can sniff out nearby items.


Message History

Damage: 3 (max 11) Unknown command.
You hit the killer bee.
The killer bee is almost dead.
You feel sick.
The killer bee stings you but does no damage.
The killer bee completely misses you.
Damage: 1 (max 11)
You miss the killer bee.
The killer bee is almost dead.
You feel sick.
The killer bee stings you but does no damage.
The killer bee closely misses you. The killer bee barely misses you.
Damage: 1 (max 11) Unknown command.
You barely miss the killer bee.
The killer bee is almost dead.
The killer bee closely misses you. x2
You miss the killer bee.
The killer bee is almost dead.
You feel sick.
The killer bee stings you but does no damage.
The killer bee stings you.
* * * LOW HITPOINT WARNING * * *
Damage: 4 (max 11)
You hit the killer bee.
The killer bee is almost dead.
You feel sick. The killer bee stings you.
* * * LOW HITPOINT WARNING * * *
You are lethally poisoned!
The killer bee poisons you!
The killer bee stings you but does no damage.
Damage: 4 (max 11)
You closely miss the killer bee.
You bite the killer bee, but do no damage.
The killer bee is almost dead.
* * * LOW HITPOINT WARNING * * *
You feel sick.
The killer bee stings you but does no damage. x2
Damage: 1 (max 11) Unknown command.
Unknown command.
* * * LOW HITPOINT WARNING * * *
You feel sick.
The killer bee stings you but does no damage.
It was a potion of agility.
You feel agile all of a sudden.
* * * LOW HITPOINT WARNING * * *
You feel sick. The killer bee stings you.
You die...

..# .#'.### ..# ........# #.#
.......# .?#########.......#
)#....#.##........##
#..#..#.##........ #.
.....##...)......# #.######
..#..#...#######.###......#######
....(#.)'†....†y@.........'.....)
....O....########)........#######
..........))...)...........#
.#######.########..._......# .#
#.# #..........#
.#######.########..........######
...........................#.....
.###5###.##########........#.....
#.# #..>...#######..


You could see a killer bee.

Vanquished Creatures
  Duvessa (D:4)
  A sky beast (D:5)
  3 ogres (D:5)
  A big kobold (D:5)
  Dowan (D:4)
  The ghost of Sinthome the Skirmisher, a weakling HOFi (D:4)
  5 killer bees (D:5)
  A howler monkey (D:2)
  A bullfrog zombie (D:5)
  2 crimson imps
  2 bullfrog skeletons (D:5)
  An iguana (D:4)
  Natasha (thrice) (D:4)
  2 worker ants (D:5)
  7 adders
  4 gnolls (D:4)
  2 river rats (D:3)
  2 oozes
  4 worms
  A dart slug (D:2)
  2 leopard geckos (D:1)
  5 orcs
  5 ball pythons
  7 giant cockroaches
  10 goblins
  5 hobgoblins
  20 jackals
  22 kobolds
  8 bats
  4 frilled lizards
  12 rats
  2 plants (Sewer)
147 creatures vanquished.

Notes
Turn   | Place    | Note
-------+----------+-------------------------------------------
     0 | D:1      | Reached skill level 12 in Fighting
     0 | D:1      | Gorice the Gnoll Wanderer began the quest for the Orb.
     0 | D:1      | Gorice set off with: a +0 shield, a +0 quarterstaff, 12 poisoned needles, a +0 blowgun, a +0 robe, a ration
     0 | D:1      | Reached XP level 1. HP: 31/31 MP: 1/1
     9 | D:1      | Noticed an electric eel
     9 | D:1      | Noticed an electric eel
   120 | D:1      | Reached XP level 2. HP: 25/38 MP: 2/2
   343 | D:1      | Reached XP level 3. HP: 38/44 MP: 3/3
   893 | D:1      | Reached skill level 1 in Invocations
  1269 | D:2      | Reached skill level 1 in Short Blades
  1269 | D:2      | Reached skill level 1 in Long Blades
  1269 | D:2      | Reached skill level 1 in Axes
  1269 | D:2      | Reached skill level 1 in Maces & Flails
  1269 | D:2      | Reached skill level 1 in Polearms
  1269 | D:2      | Reached skill level 1 in Slings
  1269 | D:2      | Reached skill level 1 in Bows
  1269 | D:2      | Reached skill level 1 in Crossbows
  1269 | D:2      | Reached skill level 1 in Dodging
  1269 | D:2      | Reached skill level 1 in Stealth
  1269 | D:2      | Reached skill level 1 in Unarmed Combat
  1269 | D:2      | Reached skill level 1 in Spellcasting
  1269 | D:2      | Reached skill level 1 in Evocations
  1279 | D:2      | Reached XP level 4. HP: 43/51 MP: 5/5
  1516 | D:2      | Found a blossoming altar of Fedhas.
  1637 | D:2      | Reached skill level 1 in Conjurations
  1637 | D:2      | Reached skill level 1 in Hexes
  1637 | D:2      | Reached skill level 1 in Charms
  1637 | D:2      | Reached skill level 1 in Summonings
  1637 | D:2      | Reached skill level 1 in Necromancy
  1637 | D:2      | Reached skill level 1 in Translocations
  1637 | D:2      | Reached skill level 1 in Transmutations
  1637 | D:2      | Reached skill level 1 in Fire Magic
  1637 | D:2      | Reached skill level 1 in Ice Magic
  1637 | D:2      | Reached skill level 1 in Air Magic
  1637 | D:2      | Reached skill level 1 in Earth Magic
  1637 | D:2      | Reached skill level 1 in Poison Magic
  1637 | D:2      | Reached XP level 5. HP: 26/57 MP: 5/7
  2181 | D:3      | Found a glowing drain.
  2190 | Sewer    | Entered a sewer
  2274 | Sewer    | Reached skill level 3 in Staves
  2274 | Sewer    | Reached skill level 3 in Throwing
  2274 | Sewer    | Reached skill level 3 in Armour
  2274 | Sewer    | Reached skill level 3 in Shields
  3191 | D:3      | Reached skill level 2 in Invocations
  3191 | D:3      | Reached XP level 6. HP: 57/64 MP: 8/8
  3782 | D:4      | Noticed Natasha
  3790 | D:4      | Killed Natasha
  3804 | D:4      | Noticed Natasha
  3816 | D:4      | Killed Natasha
  3911 | D:4      | Reached skill level 2 in Short Blades
  3911 | D:4      | Reached skill level 2 in Long Blades
  3911 | D:4      | Reached skill level 2 in Axes
  3911 | D:4      | Reached skill level 2 in Maces & Flails
  3911 | D:4      | Reached skill level 2 in Polearms
  3911 | D:4      | Reached skill level 2 in Slings
  3911 | D:4      | Reached skill level 2 in Bows
  3911 | D:4      | Reached skill level 2 in Crossbows
  3911 | D:4      | Reached skill level 2 in Dodging
  3911 | D:4      | Reached skill level 2 in Stealth
  3911 | D:4      | Reached skill level 2 in Unarmed Combat
  3911 | D:4      | Reached skill level 2 in Spellcasting
  3911 | D:4      | Reached skill level 2 in Evocations
  3932 | D:4      | Noticed Natasha
  4103 | D:4      | Killed Natasha
  4525 | D:4      | Noticed Duvessa
  4525 | D:4      | Noticed Dowan
  4543 | D:4      | Killed Duvessa
  4543 | D:4      | Reached XP level 7. HP: 46/70 MP: 10/10
  4551 | D:4      | Killed Dowan
  4567 | D:4      | Noticed Sinthome's ghost (weakling HOFi)
  4585 | D:4      | Killed Sinthome's ghost
  4585 | D:4      | Reached skill level 2 in Conjurations
  4585 | D:4      | Reached skill level 2 in Hexes
  4585 | D:4      | Reached skill level 2 in Charms
  4585 | D:4      | Reached skill level 2 in Summonings
  4585 | D:4      | Reached skill level 2 in Necromancy
  4585 | D:4      | Reached skill level 2 in Translocations
  4585 | D:4      | Reached skill level 2 in Transmutations
  4585 | D:4      | Reached skill level 2 in Fire Magic
  4585 | D:4      | Reached skill level 2 in Ice Magic
  4585 | D:4      | Reached skill level 2 in Air Magic
  4585 | D:4      | Reached skill level 2 in Earth Magic
  4585 | D:4      | Reached skill level 2 in Poison Magic
  4872 | D:5      | Entered Level 5 of the Dungeon
  5127 | D:5      | Found a hazy altar of Hepliaklqana.
  5147 | D:5      | Reached skill level 3 in Invocations
  5172 | D:5      | Reached XP level 8. HP: 69/76 MP: 12/12
  5243 | D:5      | Reached skill level 3 in Short Blades
  5243 | D:5      | Reached skill level 3 in Long Blades
  5243 | D:5      | Reached skill level 3 in Axes
  5243 | D:5      | Reached skill level 3 in Maces & Flails
  5243 | D:5      | Reached skill level 3 in Polearms
  5243 | D:5      | Reached skill level 4 in Staves
  5243 | D:5      | Reached skill level 3 in Slings
  5243 | D:5      | Reached skill level 3 in Bows
  5243 | D:5      | Reached skill level 3 in Crossbows
  5243 | D:5      | Reached skill level 4 in Throwing
  5243 | D:5      | Reached skill level 4 in Armour
  5243 | D:5      | Reached skill level 3 in Dodging
  5243 | D:5      | Reached skill level 3 in Stealth
  5243 | D:5      | Reached skill level 4 in Shields
  5243 | D:5      | Reached skill level 3 in Unarmed Combat
  5243 | D:5      | Reached skill level 3 in Spellcasting
  5243 | D:5      | Reached skill level 3 in Evocations
  5657 | D:5      | Noticed a two-headed ogre
  5671 | D:5      | HP: 21/78 [killer bee (5)]
  5682 | D:5      | HP: 23/78 [killer bee (6)]
  5686 | D:5      | HP: 11/78 [poisoned by a killer bee]
  5689 | D:5      | HP: 4/78 [killer bee (3)]
  5692 | D:5      | Slain by a killer bee

Vault maps used:
D:1:      arrival_aquarium_b
D:2:      fedhas_altar_4
D:3:      portal_sewer_entry_e, grunt_ministairs_8
D:4:      first_ration, uniq_natasha, uniq_duvessa
D:5:      minmay_temple_entry_hall, basic_altar,
          hangedman_abyss_or_decor_jellyfish_corner, kennysheep_flooded_box
Sewer:    sewer_co_scattered_pipes

Skill      XL: |  1  2  3  4  5  6  7  8 |
---------------+-------------------------+-----
Fighting       | | 12.4
Invocations    | 1 2 3 |  3.8
Short Blades   | 1 2 3 |  3.4
Long Blades    | 1 2 3 |  3.4
Axes           | 1 2 3 |  3.4
Maces & Flails | 1 2 3 |  3.4
Polearms       | 1 2 3 |  3.4
Slings         | 1 2 3 |  3.4
Bows           | 1 2 3 |  3.4
Crossbows      | 1 2 3 |  3.4
Dodging        | 1 2 3 |  3.4
Stealth        | 1 2 3 |  3.4
Unarmed Combat | 1 2 3 |  3.4
Spellcasting   | 1 2 3 |  3.4
Evocations     | 1 2 3 |  3.4
Conjurations   | 1 2 |  2.8
Hexes          | 1 2 |  2.8
Charms         | 1 2 |  2.8
Summonings     | 1 2 |  2.8
Necromancy     | 1 2 |  2.8
Translocations | 1 2 |  2.8
Transmutations | 1 2 |  2.8
Fire Magic     | 1 2 |  2.8
Ice Magic      | 1 2 |  2.8
Air Magic      | 1 2 |  2.8
Earth Magic    | 1 2 |  2.8
Poison Magic   | 1 2 |  2.8
Staves         | 3 4 |  4.4
Throwing       | 3 4 |  4.4
Armour         | 3 4 |  4.4
Shields        | 3 4 |  4.4

Action                   |  1- 3 |  4- 6 |  7- 9 || total
-------------------------+-------+-------+-------++-------
Melee: Quarterstaff      |   113 |   275 |   165 ||   553
       Bite              |     7 |    32 |    27 ||    66
 Fire: Blowgun           |     2 |    11 |    17 ||    30
Throw: Javelin           |       |       |     2 ||     2
  Use: Scroll            |     2 |     8 |       ||    10
       Potion            |       |       |     6 ||     6
 Stab: Distracted        |       |       |     1 ||     1
  Eat: Chunk             |     1 |    11 |     4 ||    16
Armor: Robe              |     6 |       |       ||     6
       Scale mail        |    61 |    97 |    12 ||   170
       Chain mail        |       |       |    91 ||    91
Dodge: Dodged            |    59 |    97 |    95 ||   251

Table legend:
 A = Spawn XP
 B = Non-spawn XP
 C = Spawn XP percentage of total XP
 D = Spawn monster count
 E = Non-spawn monster count
 F = Spawn count percentage of total count
 G = Total turns spent on level
                    A         B        C        D         E        F      G
               +---------+---------+-------+---------+---------+-------+---------
         Total |       0 |    2065 |   0.0 |       0 |     145 |   0.0 |  5692
               +---------+---------+-------+---------+---------+-------+---------
           D:1 |       0 |      63 |   0.0 |       0 |      35 |   0.0 |  1053
           D:2 |       0 |     123 |   0.0 |       0 |      21 |   0.0 |  1000
           D:3 |       0 |     115 |   0.0 |       0 |      22 |   0.0 |  1100
           D:4 |       0 |     516 |   0.0 |       0 |      18 |   0.0 |   987
           D:5 |       0 |    1178 |   0.0 |       0 |      30 |   0.0 |   820
         Sewer |       0 |      70 |   0.0 |       0 |      19 |   0.0 |   732
               +---------+---------+-------+---------+---------+-------+---------

Table legend:
 A = Turns spent in this place as a percentage of turns spent in the entire game.
 B = Non-inter-level travel turns spent in this place as a percentage of non-inter-level travel turns spent in the entire game.
 C = Inter-level travel turns spent in this place as a percentage of turns spent in this place.
 D = Turns resting spent in this place as a percentage of non-inter-level travel turns spent in this place.
 E = Turns spent auto-exploring this place as a percentage of non-inter-level travel turns spent in this place.
 F = Non-inter-level travel turns spent in this place divided by the number of levels of this place that you've seen.
                   A       B       C       D       E      F
               +-------+-------+-------+-------+-------+----------------------
         Total | 100.0 | 100.0 |   3.1 |  18.9 |  44.0 | 918.8
       Dungeon |  87.1 |  86.7 |   3.6 |  18.2 |  48.9 | 956.2
         Sewer |  12.9 |  13.3 |   0.0 |  23.6 |  12.2 | 732.0
               +-------+-------+-------+-------+-------+----------------------

Vault maps used:
D:1:      arrival_aquarium_b
D:2:      fedhas_altar_4
D:3:      portal_sewer_entry_e, grunt_ministairs_8
D:4:      first_ration, uniq_natasha, uniq_duvessa
D:5:      minmay_temple_entry_hall, basic_altar,
          hangedman_abyss_or_decor_jellyfish_corner, kennysheep_flooded_box
Sewer:    sewer_co_scattered_pipes
